 Dungeon Crawl Stone Soup version 0.31-a0-145-g046c7d2549 (webtiles) character file.

Game seed: 15001383420840527622

4 Ijustatesigmund the Stinger (level 1, 0/12 HPs)
             Began as an Octopode Venom Mage on June 6, 2023.
             Slain by a hobgoblin (1 damage)
             ... on level 1 of the Dungeon.
             The game lasted 00:00:41 (263 turns).

Ijustatesigmund the Stinger (Octopode Venom Mage)    Turns: 263, Time: 00:00:42

Health: 0/12       AC:  1    Str:  7    XL:     1   Next: 70%
Magic:  0/3        EV: 13    Int: 17    God:
Gold:   22         SH:  0    Dex: 12    Spells: 3/4 levels left

rFire   . . .        c - +0 rapier
rCold   . . .        (no shield)
rNeg    . . .        (helmet restricted)
rPois   .            (no amulet)
rElec   .            (no ring)
rCorr   .            (no ring)
SInv    .            (no ring)
Will    .....        (no ring)
Stlth   +++          (no ring)
HPRegen 0.22/turn    (no ring)
MPRegen 0.08/turn    (no ring)
                     (no ring)

%: no passive effects
@: no status effects
A: almost no armour, amphibious, 8 rings, camouflage 1, gelatinous body 1,
(nimble swimmer 1), tentacles
a: no special abilities


You were on level 1 of the Dungeon.
You visited 1 branch of the dungeon, and saw 1 of its levels.

You collected 22 gold pieces.

Inventory:

Hand Weapons
 c - a +0 rapier (weapon)
Scrolls
 b - a scroll of identify {unknown}
Potions
 a - a potion of magic


   Skills:
 + Level 0.3 Fighting
 - Level 2.0 Dodging
 - Level 2.6 Stealth
 + Level 2.1 Spellcasting
 + Level 1.1 Transmutations
 + Level 3.7 Poison Magic


You had 3 spell levels left.
You knew the following spells:

 Your Spells              Type           Power      Damage    Failure   Level
a - Sting                 Tmut/Pois      40%        1d5       7%          1

Your spell library contained the following spells:

 Spells                   Type           Power      Damage    Failure   Level
 Poisonous Vapours        Pois/Air       16%        N/A       14%         2
 Mephitic Cloud           Conj/Pois/Air  6%         N/A       34%         3
 Olgreb's Toxic Radiance  Pois           14%        N/A       38%         4


Dungeon Overview and Level Annotations

Branches:
Dungeon (1/15)

Altars:


Innate Abilities, Weirdness & Mutations

You cannot wear most types of armour.
You are amphibious.
You can wear up to eight rings at the same time.
Your skin changes colour to match your surroundings (Stealth+).
Your rubbery body absorbs attacks. (AC +1, EV +1)
((You are camouflaged when in or above water. (Stealth+)))
You have tentacles for arms and can constrict up to eight enemies at once.


Message History

Your squeeze misses the frilled lizard.
The hobgoblin shouts!
You hear an angry hiss.
The frilled lizard closely misses you.
You barely miss the frilled lizard.
The ball python hisses angrily.
You grab the frilled lizard.
You constrict the frilled lizard, but do no damage.
The frilled lizard bites you. x2
You hit the frilled lizard.
You kill the frilled lizard!
A ball python comes into view.
The ball python attacks as you move away!
The ball python bites you. The ball python misses you.
Casting: Sting (safe; 7% risk of failure)
Confirm with . or Enter, or press ? or * to list all spells.
Aiming: Sting (safe; 7% risk of failure)
Press: ? - help, Shift-Dir - straight line, f - ball python
Aim: a ball python (68% to hit)
The sting misses the ball python.
The ball python closely misses you. The ball python misses you.
You closely miss the ball python. Your grab misses the ball python.
Your squeeze misses the ball python. The ball python bites you.
The ball python barely misses you. The ball python bites you.
The ball python grabs you. The ball python constricts you.
You closely miss the ball python. Your grab misses the ball python.
The ball python barely misses you. The ball python constricts you.
You hit the ball python. You grab the ball python.
Your squeeze misses the ball python.
The ball python is heavily wounded.
You constrict the ball python. The ball python bites you.
* * * LOW HITPOINT WARNING * * *
The ball python constricts you.
* * * LOW HITPOINT WARNING * * *
Okay, then.
You barely miss the ball python.
The ball python is severely wounded.
You constrict the ball python.
You kill the ball python!
The hobgoblin hits you.
You die...

...........# #).........
###.#########... ##.#########
###.## #.... #........?#
.....# #.... #.###.....#
####+# #.... #.####..... #
###... #........## # #+#
#..... #.......... # #.#
##.....####.......#.. # ##'##
......?@gS...†....#
###...#####.....####..........
'.'.<.'.+ +..... #......####
###...### #....# #####.#...
##'## #.... ....# #.# #....
...... #+# #... .....# ....
...


You could see a hobgoblin and a ball python.

Vanquished Creatures
  A hobgoblin (D:1)
  2 ball pythons (D:1)
  2 frilled lizards (D:1)
  A goblin (D:1)
  A rat (D:1)
7 creatures vanquished.

Notes
Turn   | Place    | Note
-------+----------+-------------------------------------------
     0 | D:1      | Ijustatesigmund the Octopode Venom Mage began the quest for
                  | the Orb.
     0 | D:1      | Reached XP level 1. HP: 11/11 MP: 3/3
   263 | D:1      | Slain by a hobgoblin

Illustrated notes

Levels and vault maps discovered:
D:1:      minmay_arrival_doors, layout_basic, serial_park_tiny_1

Action                     || total
---------------------------++-------
  Melee: Rapier            ||     8
         Constrict         ||     3
         Unarmed           ||     2
         Tentacles         ||     1
   Cast: Sting             ||     8
 Armour: Skin              ||     1
  Dodge: Dodged            ||     9

Table legend: (Time is in decaauts)
 A = Elapsed time spent in this place.
 B = Non-inter-level travel time spent in this place.
 C = Inter-level travel time spent in this place.
 D = Time resting spent in this place.
 E = Time spent auto-exploring this place.
 F = Levels seen in this place.
 G = Mean time per level.
                   A        B        C        D        E       F      G
               +--------+--------+--------+--------+--------+-----+--------+
         Total |    263 |    263 |      0 |    123 |     91 |   1 |  263.0 |
       Dungeon |    263 |    263 |      0 |    123 |     91 |   1 |  263.0 |
               +--------+--------+--------+--------+--------+-----+--------+

Top non-repeatable levels by time:
     D:1: 263 daAuts
